 Dungeon Crawl Stone Soup version 0.28-a0-662-g1651b1f1e0 (webtiles) character file.

Game seed: 12050903102213464954

504 karkarkar the Covered (level 7, 0/44 HPs)
             Began as a Gargoyle Fighter on Oct 14, 2021.
             Splashed by a jelly's acid (5 damage)
             ... on level 6 of the Dungeon.
             The game lasted 00:08:35 (4705 turns).

karkarkar the Covered (Gargoyle Fighter)            Turns: 4705, Time: 00:08:38

Health: 0/44       AC:  5    Str: 21    XL:     7   Next: 17%
Magic:  7/7        EV: 10    Int:  9    God:
Gold:   138        SH:  4    Dex:  9    Spells: 6/6 levels left

rFire   . . .      SeeInvis .   a - +0 war axe
rCold   . . .      Faith    .   c - +0 buckler
rNeg    + . .      Spirit   .   b - +0 scale mail
rPois   ∞          Reflect  .   h - +0 helmet
rElec   +          Harm     .   (no cloak)
rCorr   .          Rampage  .   (no gloves)
Will    .....                   (no boots)
Stlth   ..........              (no amulet)
HPRegen 0.14/turn               (no ring)
MPRegen 0.10/turn               (no ring)

@: corroded, studying Crossbows
A: sickness immunity, AC +4, negative energy resistance 1, electricity
resistance, torment resistance 1, petrification resistance
a: no special abilities


You were on level 6 of the Dungeon.
You visited 1 branch of the dungeon, and saw 5 of its levels.

You collected 138 gold pieces.

Inventory:

Hand Weapons
 a - a +0 war axe (weapon)
Missiles
 d - 8 poisoned darts (quivered)
Armour
 b - a +0 scale mail (worn)
 c - a +0 buckler (worn)
 h - a +0 helmet (worn)
Scrolls
 e - a scroll of noise
 f - a scroll of teleportation {unknown}
Potions
 g - a potion of magic
 i - a potion of lignification {unknown}
 j - 2 potions of flight


   Skills:
 + Level 4.6 Fighting
 + Level 4.7 Axes
 - Level 0.4(3.2) Maces & Flails
 + Level 0.5 Throwing
 + Level 5.0 Armour
 - Level 0.8 Dodging
 + Level 0.7 Stealth
 - Level 4.0 Shields


You had 6 spell levels left.
You didn't know any spells.
Your spell library was empty.

Dungeon Overview and Level Annotations

Branches:
Dungeon (4/15)
 Temple: D:4-7

Altars:

Annotations:
D:2 Pikel


Innate Abilities, Weirdness & Mutations

You are immune to sickness and miasma.
Your stone body is resilient. (AC +4)
You are immune to poison.
You resist negative energy. (rN+)
You are resistant to electric shocks. (rElec)
You are resistant to unholy torment.
You are immune to petrification.


Message History

Your scale mail prevents you from hitting the hound.
The hound is heavily wounded.
The hound closely misses you. The hound barely misses you.
You closely miss the hound.
The hound is moderately wounded.
The hound bites you but does no damage.
The hound pauses to sniff the ground.
The hound completely misses you.
You closely miss the hound.
The hound is moderately wounded.
The hound bites you. The hound barely misses you.
You closely miss the hound.
The hound is moderately wounded.
The hound bites you but does no damage. The hound completely misses you.
You hit the hound.
The hound is severely wounded.
The hound closely misses you. x2
You hit the hound.
You kill the hound!
Your Armour skill increases to level 5!
You hit the jelly.
Your hands burn!
The jelly is lightly wounded.
The jelly hits you. The acid corrodes you!
You are splashed with acid!
You hit the jelly but do no damage.
Your hands burn!
The jelly is lightly wounded.
The jelly hits you but does no damage. The jelly barely misses you.
You slash the jelly!
Your hands burn!
The jelly is heavily wounded.
The jelly hits you. The acid corrodes you!
You are splashed with acid!
* * * LOW HITPOINT WARNING * * *
Drop what? 10/52 slots (_ for help) (? for menu, Esc to quit)
Okay, then.
You slash the jelly!
Your hands burn!
* * * LOW HITPOINT WARNING * * *
The jelly is severely wounded.
The jelly jiggles.
The jelly hits you.
* * * LOW HITPOINT WARNING * * *
The acid corrodes you!
You are splashed with acid.
You die...

##...## ##'##
#.# #.#
#####.#######
#...........#
...#......###.#
#.##...## #
##@## #J# #.#
#.# #.# #.# #.#
#.#


You could see a jelly.

Vanquished Creatures
  Sigmund (D:4)
  An ice beast (D:3)
  2 lemures
  A jelly (D:6)
  A hound (D:6)
  An iguana (D:4)
  Robin (D:2)
  4 gnolls
  An adder (D:3)
  An ufetubus (D:6)
  5 worms
  3 dart slugs (D:1)
  An orc (D:4)
  2 bats (D:1)
  9 endoplasms
  14 goblins
  4 hobgoblins
  5 jackals
  2 quokkas
  6 ball pythons
  3 frilled lizards
  6 kobolds
  6 rats
80 creatures vanquished.

Notes
Turn   | Place    | Note
-------+----------+-------------------------------------------
     0 | D:1      | karkarkar the Gargoyle Fighter began the quest for the Orb.
     0 | D:1      | Reached XP level 1. HP: 14/14 MP: 1/1
   369 | D:1      | Reached XP level 2. HP: 19/19 MP: 2/2
   645 | D:1      | Reached XP level 3. HP: 24/24 MP: 3/3
   912 | D:2      | Found a faded altar of an unknown god.
  1594 | D:2      | Noticed Robin
  1615 | D:2      | Reached XP level 4. HP: 22/29 MP: 4/4
  1623 | D:2      | Killed Robin
  2122 | D:3      | Noticed an ice beast
  2130 | D:3      | Killed an ice beast
  2131 | D:3      | Reached skill level 4 in Armour
  2131 | D:3      | Reached XP level 5. HP: 23/33 MP: 5/5
  3033 | D:4      | Reached XP level 6. HP: 20/38 MP: 6/6
  3222 | D:4      | Noticed Pikel
  4374 | D:4      | Noticed Sigmund
  4391 | D:4      | Killed Sigmund
  4392 | D:4      | Reached XP level 7. HP: 21/44 MP: 3/7
  4598 | D:4      | You fall into a shaft and drop 2 floors!
  4702 | D:6      | Reached skill level 5 in Armour
  4705 | D:6      | Splashed by a jelly's acid

Illustrated notes

Levels and vault maps discovered:
D:1:      dpeg_arrival_water_temple_mockup, layout_loops_ring, serial_glass,
          glass_columns_a, glass_columns_c, glass_columns_b, glass_columns_b,
          glass_columns_a, glass_columns_c, glass_columns_c, glass_columns_b,
          minmay_tiny_reverse_x
D:2:      layout_rooms, ebering_ecumenical_altar_ruins,
          kennysheep_decorative_pillar, uniq_robin
D:3:      layout_rooms
D:4:      layout_cave_pools, minitemple, uniq_sigmund, uniq_pikel
D:6:      layout_loops_corners

Skill      XL: |  1  2  3  4  5  6  7 |
---------------+----------------------+-----
Axes           | 2 3 4 |  4.7
Fighting       | 4 |  4.6
Armour         | 4 5 |  5.0
Shields        | 4 |  4.0
Maces & Flails | |  0.4
Throwing       | |  0.5
Dodging        | |  0.8
Stealth        | |  0.7

Action                   |  1- 3 |  4- 6 |  7- 9 || total
-------------------------+-------+-------+-------++-------
Melee: War axe           |   121 |   114 |    24 ||   259
       Whip              |       |    64 |       ||    64
Throw: Dart              |       |     8 |       ||     8
  Use: Scroll            |     1 |     5 |       ||     6
       Potion            |       |     3 |       ||     3
Armor: Scale mail        |    72 |    95 |    12 ||   179
Dodge: Dodged            |    64 |    81 |    17 ||   162
Block: Buckler           |    24 |    37 |     2 ||    63

Table legend: (Time is in decaauts)
 A = Elapsed time spent in this place.
 B = Non-inter-level travel time spent in this place.
 C = Inter-level travel time spent in this place.
 D = Time resting spent in this place.
 E = Time spent auto-exploring this place.
 F = Levels seen in this place.
 G = Mean time per level.
                   A        B        C        D        E       F      G
               +--------+--------+--------+--------+--------+-----+--------+
         Total |   4799 |   4649 |    150 |   1734 |   2114 |   5 |  959.8 |
       Dungeon |   4799 |   4649 |    150 |   1734 |   2114 |   5 |  959.8 |
               +--------+--------+--------+--------+--------+-----+--------+

Top non-repeatable levels by time:
     D:2: 1595 daAuts
     D:3: 1509 daAuts
     D:1: 933 daAuts
     D:4: 649 daAuts
     D:6: 112 daAuts
